 Dungeon Crawl Stone Soup version 0.32-a0-672-gff75c0d (webtiles) character file.

Game seed: 12479815486696079259

12 skewfiend the Trooper (level 2, -13/27 HPs)
             Began as a Mountain Dwarf Fighter on Mar 10, 2024.
             Engulfed by a cloud of flame (22 damage)
             ... on level 1 of the Dungeon.
             The game lasted 00:02:50 (718 turns).

skewfiend the Trooper (Mountain Dwarf Fighter)       Turns: 718, Time: 00:02:50

Health: -13/27     AC:  6    Str: 18    XL:     2   Next: 20%
Magic:  2/2        EV:  9    Int:  8    God:
Gold:   60         SH:  4    Dex:  9    Spells: 1/1 levels left

rFire   . . .        a - +0 war axe
rCold   . . .        c - +0 buckler
rNeg    . . .        b - +0 scale mail
rPois   .            (no helmet)
rElec   .            (no cloak)
rCorr   .            (no gloves)
SInv    .            (no boots)
Will    .....        (no amulet) Stlth
                     (no ring)
HPRegen 0.24/turn    (no ring)
MPRegen 0.08/turn

%: no passive effects
@: no status effects
A: runic magic, artefact enchanting
a: no special abilities


You were on level 1 of the Dungeon.
You visited 1 branch of the dungeon, and saw 1 of its levels.

You collected 60 gold pieces.

Inventory:

Hand Weapons
 a - a +0 war axe (weapon)
Missiles
 g - 8 poisoned darts (quivered)
 h - 6 curare-tipped darts
 i - 10 stones
Armour
 b - a +0 scale mail (worn)
 c - a +0 buckler (worn)
Scrolls
 e - 2 scrolls of teleportation {unknown}
 j - a scroll of enchant armour {unknown}
Potions
 d - a potion of might
 f - a potion of enlightenment {unknown}


   Skills:
 + Level 3.7 Fighting
 * Level 3.0 Axes
 - Level 3.2 Armour
 - Level 3.2 Shields


You had one spell level left.
You didn't know any spells.
Your spell library contained the following spells:

 Spells                   Type           Power      Damage    Failure   Level
 Tukima's Dance           Hex            0%         N/A       91%         3
 Passage of Golubria      Tloc           0%         N/A       100%        4
 Yara's Violent Unravell  Hex/Alch       0%         3d3       100%        5


Dungeon Overview and Level Annotations

Branches:
Dungeon (1/15)

Altars:

Shops:
D:1 =


Innate Abilities, Weirdness & Mutations

Your spellcasting is much less encumbered by armour.
You can use scrolls of enchantment on lesser artefacts.


Message History

You barely miss the kobold.
The kobold is moderately wounded.
You block the kobold's attack. x2
You barely miss the kobold.
The kobold is moderately wounded.
The kobold barely misses you.
You slash the kobold!
You kill the kobold!
No target in view!
i - 10 stones (gained 5)
Things that are here:
a +0 whip; a kobold corpse
Things that are here:
a +0 whip; a kobold corpse
Things that are here:
a +0 club; a kobold skeleton A bat comes into view.
The bat closely misses you.
A bat is nearby!
You closely miss the bat. The bat barely misses you.
The bat hits you but does no damage. The bat barely misses you.
You barely miss the bat. The bat closely misses you.
You block the bat's attack. The bat closely misses you.
You block the bat's attack.
You completely miss the bat. The bat barely misses you.
You miss the bat. The bat hits you.
You closely miss the bat. The bat barely misses you. The bat misses you.
You block the bat's attack.
You slash the bat!
You kill the bat!
No target in view!
There is a stone staircase leading down here.
Partly explored, can't reach some items and places.
You are engulfed in blazing flames.
Ouch! That really hurt!
Things that are here:
a +0 dagger; a kobold skeleton You are engulfed in blazing flames.
Ouch! That really hurt!
You die...

..###..........##
######.#
..##.....#.###..## #.#
#####.###.## ##..## #.#
#.# #.# ##..# #.#
#.###.## ##.## #.#
#.##.#.# #...# ######.#
####.#.#### #§☼○#
#...†..# #.....## #§§☼#
######## #.##.#.####
#@§§#
#.##.##.#.#####...#
#.##.##..#.☼☼§...($§.
#.##.##..#.§○§.....§§..
#.##.##....§$§.....§.§.
#.##......#####...#####
#.#####..## #§..# #.#
#..## #.§§# #.# #.).#
#.§§#


There were no monsters in sight!

Vanquished Creatures
  An endoplasm (D:1)
  A hobgoblin (D:1)
  3 kobolds (D:1)
  3 ball pythons (D:1)
  A bat (D:1)
  A frilled lizard (D:1)
  A goblin (D:1)
  A rat (D:1)
12 creatures vanquished.

Vanquished Creatures (others)
  A kobold (D:1)
1 creature vanquished.

Grand Total: 13 creatures vanquished

Notes
Turn   | Place    | Note
-------+----------+-------------------------------------------
     0 | D:1      | skewfiend the Mountain Dwarf Fighter began the quest for
                  | the Orb.
     0 | D:1      | Reached XP level 1. HP: 19/19 MP: 1/1
     9 | D:1      | Found Niapt's Jewellery Boutique.
   307 | D:1      | Reached XP level 2. HP: 26/27 MP: 2/2
   718 | D:1      | Engulfed by a cloud of flame

Illustrated notes

Levels and vault maps discovered:
D:1:      dpeg_arrival_rooms_c, layout_loops_ring, serial_shops, shop,
          lemuel_flame_loot_1

Skill      XL: |  1  2 |
---------------+-------+-----
Axes           | 3 |  3.0
Fighting       | |  3.7
Armour         | |  3.2
Shields        | |  3.2

Action                     || total
---------------------------++-------
  Melee: War axe           ||    50
 Armour: Scale mail        ||    63
  Dodge: Dodged            ||    20
  Block: Buckler           ||    10

Table legend: (Time is in decaauts)
 A = Elapsed time spent in this place.
 B = Non-inter-level travel time spent in this place.
 C = Inter-level travel time spent in this place.
 D = Time resting spent in this place.
 E = Time spent auto-exploring this place.
 F = Levels seen in this place.
 G = Mean time per level.
                   A        B        C        D        E       F      G
               +--------+--------+--------+--------+--------+-----+--------+
         Total |    737 |    737 |      0 |      0 |    628 |   1 |  737.0 |
       Dungeon |    737 |    737 |      0 |      0 |    628 |   1 |  737.0 |
               +--------+--------+--------+--------+--------+-----+--------+

Top non-repeatable levels by time:
     D:1: 737 daAuts
